 Dungeon Crawl Stone Soup version 0.31.0-11-ge490571c62 (webtiles) character file.

Game seed: 18192140022296402117

21 Flugkiller the Chiller (level 2, -2/13 HPs)
             Began as a Vine Stalker Ice Elementalist on Feb 3, 2024.
             Slain by an orc
             ... wielding a +0 war axe
              (7 damage)
             ... on level 2 of the Dungeon.
             The game lasted 00:00:17 (52 turns).

Flugkiller the Chiller (VSIE)                         Turns: 52, Time: 00:00:18

Health: -2/13      AC:  2    Str: 10    XL:     2   Next: 83%
Magic:  0/6        EV: 12    Int: 15    God:
Gold:   0          SH:  0    Dex: 14    Spells: 5/6 levels left

rFire   . . .        (no weapon)
rCold   . . .        (no shield)
rNeg    . . .        a - +0 robe
rPois   .            (no helmet)
rElec   .            (no cloak)
rCorr   .            (no gloves)
SInv    .            (no boots)
Will    .....        (no amulet)
Stlth   ++           (no ring)
HPRegen 1.02/turn    (no ring)
MPRegen 0.10/turn

%: guardian spirit
@: no status effects
A: fangs 2, regeneration 1, magic shield, antimagic bite, no potion heal 2
a: no special abilities


You were on level 2 of the Dungeon.
You visited 1 branch of the dungeon, and saw 2 of its levels.

Inventory:

Armour
 a - a +0 robe (worn)


   Skills:
 - Level 1.5 Dodging
 - Level 2.4 Stealth
 + Level 2.8 Spellcasting
 + Level 4.4 Ice Magic


You had 5 spell levels left.
You knew the following spells:

 Your Spells              Type           Power      Damage    Failure   Level
a - Freeze                Ice            60%        1d7       3%          1

Your spell library contained the following spells:

 Spells                   Type           Power      Damage    Failure   Level
 Frozen Ramparts          Ice            30%        1d5       10%         3
 Ozocubu's Armour         Ice            15%        N/A       10%         3
 Summon Ice Beast         Ice/Summ       8%         N/A       24%         3


Dungeon Overview and Level Annotations

Branches:
Dungeon (2/15) Zot: 11947

Altars:


Innate Abilities, Weirdness & Mutations

You have extremely sharp teeth.
Your natural rate of healing is unusually fast.
When hurt, damage is shared between your health and your magic reserves.
Your bite disrupts and absorbs the magic of your enemies.
Potions cannot restore your health.


Message History

Aim: a hobgoblin You freeze the hobgoblin.
The hobgoblin is moderately wounded.
The orc shouts!
The orc wizard casts a spell.
The orc wizard flickers and vanishes!
Deactivating autopickup; reactivate with Ctrl-A.
The orc hits you with a +0 whip. The hobgoblin barely misses you.
You hear a shout!
Casting: Freeze (safe; 4% risk of failure)
Confirm with . or Enter, or press ? or * to list all spells.
Aiming: Freeze (safe; 4% risk of failure)
Press: ? - help, Shift-Dir - straight line, f/p - hobgoblin
Aim: a hobgoblin (moderately wounded)
You freeze the hobgoblin.
The hobgoblin is almost dead.
The hobgoblin barely misses you.
Unknown command.
The hobgoblin hits you. The hobgoblin misses you.
The hobgoblin attacks as it pursues you!
The hobgoblin hits you.
You hit the hobgoblin.
You kill the hobgoblin!
Magic courses through your body.
Casting: Freeze (safe; 4% risk of failure)
Confirm with . or Enter, or press ? or * to list all spells.
Aiming: Freeze (safe; 4% risk of failure)
Press: ? - help, Shift-Dir - straight line, f - orc wizard
Aim: an orc wizard, wielding a +0 dagger and wearing a +0 robe You freeze the orc wizard.
The orc wizard is moderately wounded.
The orc wizard misses you.
Casting: Freeze (safe; 4% risk of failure)
Confirm with . or Enter, or press ? or * to list all spells.
Aiming: Freeze (safe; 4% risk of failure)
Press: ? - help, Shift-Dir - straight line, f/p - orc wizard
Aim: an orc wizard, wielding a +0 dagger and wearing a +0 robe (moderately wounded)
You freeze the orc wizard.
The orc wizard is moderately wounded.
The orc wizard closely misses you.
Casting: Freeze (safe; 4% risk of failure)
Confirm with . or Enter, or press ? or * to list all spells.
Aiming: Freeze (safe; 4% risk of failure)
Press: ? - help, Shift-Dir - straight line, f/p - orc wizard
Aim: an orc wizard, wielding a +0 dagger and wearing a +0 robe (moderately wounded)
You freeze the orc wizard.
The orc wizard is heavily wounded.
The orc wizard hits you with a +0 dagger.
Casting: Freeze (safe; 4% risk of failure)
Confirm with . or Enter, or press ? or * to list all spells.
Aiming: Freeze (safe; 4% risk of failure)
Press: ? - help, Shift-Dir - straight line, f/p - orc wizard
Aim: an orc wizard, wielding a +0 dagger and wearing a +0 robe (heavily wounded)
You freeze the orc wizard.
The orc wizard is severely wounded.
The orc wizard hits you but does no damage.
Casting: Freeze (safe; 4% risk of failure)
Confirm with . or Enter, or press ? or * to list all spells.
You don't have enough magic to cast this spell.
You closely miss the orc wizard.
The orc wizard is severely wounded.
The orc wizard closely misses you.
A hobgoblin comes into view.
The hobgoblin shouts!
You hit the orc wizard. Your bite misses the orc wizard.
The orc wizard is severely wounded.
The orc wizard hits you with a +0 dagger.
Unknown command.
You closely miss the orc wizard. Your bite misses the orc wizard.
The orc wizard is severely wounded.
The orc wizard hits you with a +0 dagger.
Unknown command.
You hit the orc wizard. Your bite misses the orc wizard.
The orc wizard is almost dead.
The orc wizard casts a spell.
The orc wizard flickers and vanishes!
Unknown command.
You hit something but do no damage. Your bite misses something.
Something hits you.
Unknown command.
You miss something. Your bite misses something.
You hear some strange, mumbled words.
Something hits you.
You miss something.
A magic dart appears from out of thin air!
The magic dart hits something!
Reactivating autopickup.
You feel a bit more experienced.
You have reached level 2!
You completely miss the orc. You bite the orc, but do no damage.
The orc misses you.
You hit the orc but do no damage. Your bite misses the orc.
The orc hits you with a +0 war axe!
Ouch! That really hurt!
You hit the orc but do no damage. Your bite misses the orc.
The orc hits you with a +0 war axe.
You hit the orc but do no damage. The orc hits you with a +0 war axe!
Ouch! That really hurt!
You die...

#.#
#.#
#.#
#.#
#.#
#.#
#.#
#.#
#@#
##o#
#o.#
#o##
#g#
#.#
...
...
..!..


You could see 3 orcs and a hobgoblin.

Vanquished Creatures
  A hobgoblin (D:2)
1 creature vanquished.

Vanquished Creatures (others)
  An orc wizard (D:2)
1 creature vanquished.

Grand Total: 2 creatures vanquished

Notes
Turn   | Place    | Note
-------+----------+-------------------------------------------
     0 | D:1      | Flugkiller the Vine Stalker Ice Elementalist began the
                  | quest for the Orb.
     0 | D:1      | Reached XP level 1. HP: 9/9 MP: 4/4
    29 | D:2      | Noticed an orc wizard
    30 | D:2      | Noticed an orc wizard
    48 | D:2      | Killed an orc wizard
    49 | D:2      | Reached XP level 2. HP: 13/13 MP: 0/6
    52 | D:2      | Slain by an orc

Illustrated notes

Levels and vault maps discovered:
D:1:      psy_arrival_spokes, layout_basic, minmay_curled_crystal
D:2:      kennysheep_the_goblin_king, layout_rooms,
          shapermc_ecumenical_altar_mp_urbaneastern, basic_altar, uniq_robin

Action                     || total
---------------------------++-------
  Melee: Unarmed           ||    12
         Bite              ||     1
   Cast: Freeze            ||     6
    Use: Potion            ||     1
 Armour: Robe              ||    12
  Dodge: Dodged            ||     9
